 Dungeon Crawl Stone Soup version 0.26-a0-259-g1effd001a9 (webtiles) character file.

Game seed: 11699504756822402599

2 vurker the Sneak (level 1, -1/16 HPs)
             Began as a Demonspawn Brigand on July 17, 2020.
             Slain by a jackal (2 damage)
             ... on level 1 of the Dungeon.
             The game lasted 00:00:26 (36 turns).

vurker the Sneak (Demonspawn Brigand)                 Turns: 36, Time: 00:00:27

Health: -1/16      AC:  3    Str: 11    XL:     1   Next: 25%
Magic:  1/1        EV: 11    Int: 12    God:
Gold:   0          SH:  0    Dex: 14    Spells: 0/0 levels left

rFire    . . .     SeeInvis .   a - +2 dagger
rCold    . . .     Faith    .   (no shield)
rNeg     . . .     Spirit   .   b - +0 robe
rPois    .         Reflect  .   (no helmet)
rElec    .         Harm     .   c - +0 cloak
rCorr    .                      (no gloves)
MR       .....                  (no boots)
Stlth    ++........             (no amulet)
HPRegen  0.05/turn              (no ring)
MPRegen  0.07/turn              (no ring)

@: no status effects
A: no striking features
a: no special abilities


You were on level 1 of the Dungeon.
You were not hungry.

You visited 1 branch of the dungeon, and saw 1 of its levels.

Inventory:

Hand Weapons
 a - a +2 dagger (weapon)
Missiles
 d - 8 poisoned darts (quivered)
 f - 2 curare-tipped darts
Armour
 b - a +0 robe (worn)
 c - a +0 cloak (worn)
Comestibles
 e - 2 rations


   Skills:
 + Level 2.1 Fighting
 - Level 1.7 Short Blades
 + Level 1.8 Throwing
 - Level 0.8 Dodging
 - Level 3.6 Stealth


You couldn't memorise any spells.
You didn't know any spells.
Your spell library was empty.

Dungeon Overview and Level Annotations

Branches:
Dungeon (1/15)

Altars:


Message History

You kill the hobgoblin!
No target in view!
Things that are here:
a +0 club; a hobgoblin corpse A frilled lizard comes into view.
A frilled lizard is nearby!
A frilled lizard is nearby!
A frilled lizard is nearby!
A kobold comes into view.
A jackal and a kobold come into view.
Found 13 bolts.
A jackal comes into view.
The kobold shouts!
The jackal barks!
The kobold shouts!
The frilled lizard hisses angrily.
The jackal barks!
You hear a bark!
You hear a shout!
A jackal comes into view.
The kobold throws a stone.
The stone hits you but does no damage.
You see here a stone.
You hit the frilled lizard but do no damage.
The frilled lizard bites you but does no damage.
You hit the frilled lizard.
You kill the frilled lizard!
The jackal bites you.
You hit the jackal but do no damage. The jackal bites you. x2
The kobold closely misses you.
You closely miss the jackal. The jackal completely misses you.
The jackal bites you but does no damage.
The kobold throws a stone.
The stone closely misses you.
The jackal bites you but does no damage.
The jackal barely misses you.
You hit the jackal but do no damage.
The jackal bites you but does no damage.
The kobold hits you.
The jackal bites you but does no damage.
The kobold throws a stone.
The stone hits you.
* * * LOW HITPOINT WARNING * * *
The jackal bites you.
* * * LOW HITPOINT WARNING * * *
A goblin comes into view.
The jackal closely misses you. The kobold misses you.
The kobold throws a stone.
The stone hits you.
* * * LOW HITPOINT WARNING * * *
The jackal bites you.
* * * LOW HITPOINT WARNING * * *
You see here a stone.
The jackal completely misses you.
The jackal bites you but does no damage.
The jackal bites you.
You die...

#..........######.#####..
#...........#####...#....#
#####.................##.#
#.....(.K...........!.
#.......#.K..........#
#.......#..........$.#
#........#.h.)...%..!.
#........#.hh.....###.
#........#.@.....##
#...........####'####
#....######.#.......#
#.#.8.8.8.# #.#.......#
#.+.8.<.8.+ ###.......#
#.8.8.8.# #.......#


You could see 3 jackals and 2 kobolds.

Vanquished Creatures
  A hobgoblin (D:1)
  A frilled lizard (D:1)
2 creatures vanquished.

Notes
Turn   | Place    | Note
-------+----------+-------------------------------------------
     0 | D:1      | vurker the Demonspawn Brigand began the quest for the Orb.
     0 | D:1      | Reached XP level 1. HP: 16/16 MP: 1/1
    36 | D:1      | Slain by a jackal

Illustrated notes

Levels and vault maps discovered:
D:1:      doesnt_arrival_eight_statues, layout_rooms, minmay_lizard_pond

Action                   || total
-------------------------++-------
Melee: Dagger            ||     6
Armor: Robe              ||     7
Dodge: Dodged            ||     8

Table legend:
 A = Non-vault XP
 B = Vault XP
 C = Vault XP percentage of total XP
 D = Non-vault monster count
 E = Vault monster count
 F = Vault count percentage of total count
                 A         B        C        D         E       F
            +---------+---------+-------+---------+---------+-------
      Total |       3 |       0 |   0.0 |       2 |       0 |   0.0
            +---------+---------+-------+---------+---------+-------
        D:1 |       3 |       0 |   0.0 |       2 |       0 |   0.0
            +---------+---------+-------+---------+---------+-------
